 Dungeon Crawl Stone Soup version 0.20-a0-785-g17250f0 (webtiles) character file.

101 Laphicet the Skirmisher (level 4, -3/38 HPs)
             Began as a Draconian Fighter on Feb 27, 2017.
             Slain by Sigmund
             ... wielding a +0 scythe
              (14 damage)
             ... on level 3 of the Dungeon.
             The game lasted 00:02:22 (1716 turns).

Laphicet the Skirmisher (Draconian Fighter)         Turns: 1716, Time: 00:02:23

Health: -3/38      AC:  5    Str: 23 (24) XL:     4   Next: 48%
Magic:  4/4        EV: 10    Int:  7 (9)  God:
Gold:   81         SH:  9    Dex:  7 (10) Spells: 3/3 levels left

rFire    . . .     SeeInvis .   a - +0 long sword
rCold    . . .     Gourm    .   (armour unavailable)
rNeg     . . .     Faith    .   b - +0 shield
rPois    .         Spirit   .   (helmet restricted)
rElec    .         Reflect  .   (no cloak)
rCorr    .         Harm     .   (no gloves)
MR       .....                  (no boots)
Stlth    ++........             (no amulet)
Regen    0.2/turn               (no ring)
MPRegen  0.1/turn               (no ring)

@: mighty, lethally poisoned (-3 -> -4)
A: unfitting armour, cold-blooded, AC +5
a: no special abilities


You were on level 3 of the Dungeon.
You were not hungry.

You visited 1 branch of the dungeon, and saw 3 of its levels.

You collected 81 gold pieces.

Inventory:

Hand Weapons
 a - a +0 long sword (weapon)
Armour
 b - a +0 shield (worn)
Magical Staves
 k - an uncursed staff of poison
Jewellery
 e - an uncursed ring of poison resistance {unknown}
Scrolls
 g - 4 scrolls of identify {unknown}
 l - a scroll of remove curse {unknown}
 m - a scroll of amnesia {unknown}
 n - a scroll of fog {unknown}
Potions
 c - a potion of might
Comestibles
 d - 4 bread rations
 i - 4 fruits
 j - 2 royal jellies


   Skills:
 + Level 3.5 Fighting
 + Level 2.8 Long Blades
 + Level 3.3 Dodging
 + Level 2.0 Stealth
 + Level 3.4 Shields


You had 3 spell levels left.
You didn't know any spells.

Dungeon Overview and Level Annotations

Branches:
Dungeon (3/15)

Altars:

Annotations:
D:3 Sigmund


Innate Abilities, Weirdness & Mutations

Your plain brown scales are hard. (AC +5)
You cannot fit into any form of body armour.
You are cold-blooded and may be slowed by cold attacks.


Message History

The adder barely misses you.
You riposte.
You slash the adder!
You kill the adder!
You feel sick. Sigmund closely misses you.
You riposte.
You hit Sigmund.
Sigmund is lightly wounded.
You see here an adder corpse.
You slash Sigmund!
Sigmund is heavily wounded.
You block Sigmund's attack.
You barely miss Sigmund.
Sigmund is heavily wounded.
You feel sick.
Sigmund casts a spell.
Sigmund flickers and vanishes!
Deactivating autopickup; reactivate with Ctrl-A.
You miss something. Something hits you.
You closely miss something.
You feel sick.
You closely miss something. Something hits you.
You miss something.
Your tail-slap misses something.
Something hits you!
You closely miss something.
You feel sick. Something hits you!
You die...

###....#####.
)..........
#.......#
#.......#
#####.......#
#...........#
#...........#
#).....##...#
#..$..@##...#
#.....{######
#......#
#......#
#......#
#......#
#......#
########


There were no monsters in sight!

Vanquished Creatures
  3 gnolls (D:2)
  2 adders
  3 worms (D:2)
  3 dart slugs (D:1)
  2 giant cockroaches (D:2)
  10 goblins
  6 hobgoblins
  A jackal (D:1)
  A kobold (D:1)
  2 quokkas (D:2)
  3 bats
  3 frilled lizards
  A rat (D:2)
40 creatures vanquished.

Notes
Turn   | Place    | Note
-------+----------+-------------------------------------------
     0 | D:1      | Laphicet the Draconian Fighter began the quest for the Orb.
     0 | D:1      | Reached XP level 1. HP: 19/19 MP: 1/1
   338 | D:1      | Reached XP level 2. HP: 19/26 MP: 2/2
   503 | D:1      | Reached skill level 1 in Stealth
   876 | D:2      | Reached XP level 3. HP: 26/31 MP: 3/3
  1341 | D:2      | Reached XP level 4. HP: 29/38 MP: 4/4
  1694 | D:3      | Noticed Sigmund
  1716 | D:3      | Slain by Sigmund

Vault maps used:
D:1:      dpeg_arrival_concentric_ovals, minmay_misc_feat_enclosed
D:2:      first_bread
D:3:      uniq_natasha, uniq_sigmund, uniq_robin

Skill      XL: |  1  2  3  4 |
---------------+-------------+-----
Dodging        | 3 |  3.3
Stealth        | 1 2 |  2.0
Fighting       | |  3.5
Long Blades    | |  2.8
Shields        | |  3.4

Action                   |  1- 3 |  4- 6 || total
-------------------------+-------+-------++-------
Melee: Long sword        |   112 |    26 ||   138
       Tailslap          |    11 |     4 ||    15
  Use: Potion            |       |     2 ||     2
 Stab: Sleeping          |     2 |       ||     2
  Eat: Chunk             |     2 |     1 ||     3
Armor: Skin              |    35 |     2 ||    37
Dodge: Dodged            |    46 |    16 ||    62
Block: Shield            |    51 |    10 ||    61
       Rpst.: Long sword |    15 |     4 ||    19
